 Dungeon Crawl Stone Soup version 0.18.1-48-g4cf74bf (webtiles) character file.

130 Lennu the Shield-Bearer (level 5, -3/42 HPs)
             Began as a Formicid Fighter on June 27, 2016.
             Slain by Lennu's ghost (8 damage)
             ... on level 3 of the Dungeon.
             The game lasted 00:13:53 (2497 turns).

Lennu the Shield-Bearer (Formicid Fighter)          Turns: 2497, Time: 00:13:54

Health: -3/42      AC:  8    Str: 21    XL:     5   Next: 36%
Magic:  11/14      EV:  9    Int:  8    God:
Gold:   183        SH:  9    Dex: 10    Spells: 0 memorised, 4 levels left

rFire  + . .     SeeInvis +     o - staff of fire (curse)
rCold  . . .     Gourm    .     b - +0 scale mail
rNeg   + . .     Faith    .     c - +0 shield
rPois  .         Spirit   .     (helmet unavailable)
rElec  .         Dismiss  .     (no cloak)
rCorr  .         Reflect  .     i - +0 pair of gloves
SustAt .         Harm     .     (no boots)
MR     .....                    (no amulet)
Stlth  ..........               j - ring of positive energy
                                m - ring of magical power

@: lethally poisoned (-3 -> -6), drained, not resistant to hostile enchantments,
extremely unstealthy
A: permanent stasis, dig shafts and tunnels, four strong arms, antennae 3
a: Dig, Shaft Self


You were on level 3 of the Dungeon.
You were hungry.

You visited 1 branch of the dungeon, and saw 3 of its levels.

You collected 183 gold pieces.

Inventory:

Hand Weapons
 a - a +0 flail
 n - a +2 mace of protection
 v - a +0 club
Armour
 b - a +0 scale mail (worn)
 c - a +0 shield (worn)
 i - a +0 pair of gloves (worn)
Magical Staves
 o - a cursed staff of fire (weapon)
Jewellery
 j - a ring of positive energy (right hand)
 m - a ring of magical power (left hand)
 t - an uncursed ring of protection from magic
Wands
 s - a wand of slowing (29/48)
Scrolls
 e - a scroll of amnesia
 k - a scroll of identify
 l - a scroll of teleportation
 r - a scroll of fear
Potions
 d - 3 potions of might
 g - a potion of haste
 p - a potion of curing {unknown}
 q - a potion of degeneration {unknown}
 u - a potion of brilliance {unknown}
Comestibles
 f - 5 bread rations
 h - 2 meat rations
 w - a beef jerky


   Skills:
 * Level 3.8(3.6) Fighting
 * Level 2.8(2.6) Maces & Flails
 * Level 3.7(3.6) Armour
 * Level 1.9(1.7) Dodging
 * Level 4.7(4.6) Shields


You had 4 spell levels left.
You didn't know any spells.

Dungeon Overview and Level Annotations

Branches:
Dungeon (3/15)

Altars:
Cheibriados
Okawaru

Annotations:
D:3 Lennu's ghost, amateur DrCK


Innate Abilities, Weirdness & Mutations

You are under a permanent stasis effect.
You can dig through walls and to a lower floor.
Your four strong arms can wield two-handed weapons with a shield.
You have a pair of large antennae on your head (SInv).


Message History

Lennu's ghost hits you but does no damage.
You hit Lennu's ghost.
Lennu's ghost is lightly damaged.
You feel sick.
The orc hits you from afar with a trident.
Lennu's ghost barely misses you.
You closely miss Lennu's ghost.
Lennu's ghost is lightly damaged.
The orc barely misses you. You block Lennu's ghost's attack.
You hit Lennu's ghost but do no damage.
Lennu's ghost is lightly damaged.
You feel sick.
The orc hits you from afar with a trident.
Lennu's ghost closely misses you. You block the orc's attack.
You hit Lennu's ghost.
Lennu's ghost is lightly damaged.
Lennu's ghost hits you!
* * * LOW HITPOINT WARNING * * *
x2 You block the orc's attack.
Lennu's ghost hits you!
You die...

**,***,***,***{** #.# #)..... *,*
**,,,***{,,**#.# #.##### *,*
******,***,*#.# #.# **+** *{*
*,*#.#######.# *,,,**
*,***,*#.........# <,,,,**
#*,,,**#####.##### # ,,,,,,**
##.#,** #.##.## #
,,,,,,,**##...o########.....#####
,,,,,,,',......W@...........#....
,,,,,,,**##..[.####.#####...#....
,,,,,,** *#..#.####.# #..##._..
,,,,>** #..........# #.###....
*,,,** #..##..##..# ##.###....
*#'#* #..........# ##...######
#># ##.###.###.# #...†# #.#
#.........# #....###### ##.##
#####.##### #.###......


You could see Lennu's ghost and an orc.

Vanquished Creatures
  A hound (D:3)
  2 adders
  An ooze (D:3)
  A worm (D:2)
  2 dart slugs (D:1)
  2 giant geckos
  4 orcs (D:3)
  4 bats
  A giant cockroach (D:2)
  10 goblins
  7 hobgoblins
  11 jackals
  2 giant newts
  6 kobolds
  5 rats
59 creatures vanquished.

Notes
Turn   | Place    | Note
--------------------------------------------------------------
     0 | D:1      | Lennu the Formicid Fighter began the quest for the Orb.
     0 | D:1      | Reached XP level 1. HP: 18/18 MP: 1/1
   309 | D:1      | Reached XP level 2. HP: 22/24 MP: 2/2
   677 | D:1      | Reached skill level 4 in Shields
   677 | D:1      | Reached XP level 3. HP: 21/29 MP: 3/3
  1113 | D:2      | Found a faded altar to an unknown god.
  1358 | D:2      | Reached skill level 1 in Dodging
  1388 | D:2      | Reached XP level 4. HP: 33/36 MP: 4/4
  1471 | D:2      | Found an iron altar of Okawaru.
  1725 | D:3      | Found a snail-covered altar of Cheibriados.
  1953 | D:3      | Reached XP level 5. HP: 31/42 MP: 5/5
  2480 | D:3      | Noticed Lennu's ghost (amateur DrCK)
  2497 | D:3      | Slain by Lennu's ghost

Skill      XL: |  1  2  3 |
---------------+----------+-----
Shields        | 4 |  4.7
Dodging        | 1 |  1.9
Fighting       | |  3.8
Maces & Flails | |  2.8
Armour         | |  3.7

Action                   |  1- 3 |  4- 6 || total
-------------------------+-------+-------++-------
Melee: Flail             |   123 |       ||   123
       Staff             |    13 |   131 ||   144
  Use: Scroll            |     4 |     2 ||     6
  Eat: Chunk             |     2 |     3 ||     5
Armor: Scale mail        |    80 |    61 ||   141
Dodge: Dodged            |    46 |    54 ||   100
Block: Shield            |    88 |    77 ||   165
